AoeStats
← Raizzen

Arena

507628731Analyzed
4v4 RM · 14d ago on Sep 19, 2026· 62m 44s· 8 players
Game mode
Random Map
Map size
Large (8 player)
Population
200
Speed
Normal
Resources
Standard
Victory
Conquest
Starting age
Dark Age
Ending age
Imperial Age
RankedLock teamsTeams togetherTeam positionsShared explorationLock speedFull tech treeHidden civsTurbo modeCheats
Victory
Defeat
🇹🇼 Huns · Taiwan
1069
+15
🇦🇷 Turks · Argentina
1057
+16
🇦🇷 Lithuanians · Argentina
1021
+17
🇹🇼 Cumans · Taiwan
1021
+17
🇨🇳 Franks · China
1104
-18
🇨🇳 Teutons · China
1058
-17
🇹🇼 Turks · Taiwan
1023
-15
🇹🇼 Khitans · Taiwan
1019
-15
Zain
3:47 Loom
11:24 Feudal Age
14:55 Castle Age
12:59 Double-Bit Axe
15:04 Light Cavalry
16:15 Forging
16:11 Scale Barding Armor
17:44 Domestication
22:44 Iron Casting
23:56 Chain Barding Armor
25:30 Husbandry
26:27 Gold Mining
先天下之樂而樂
11:24 Feudal Age
15:47 Castle Age
21:45 Imperial Age
19:08 Double-Bit Axe
20:03 Bow Saw
21:11 Horse Collar
21:24 Gold Mining
31:00 Loom
鱼鱼
9:54 Feudal Age
14:13 Castle Age
12:36 Double-Bit Axe
22:56 Bow Saw
23:43 Wheelbarrow
24:46 Stone Mining
24:47 Gold Mining
25:50 Loom
26:23 Hand Cart
27:06 Fortified Wall
30:22 Imperial Age
29:09 Gold Shaft Mining
29:00 Scale Barding Armor
29:06 Forging
30:23 Husbandry
30:45 Chain Barding Armor
31:40 Iron Casting
31:06 Chivalry
31:27 Conscription
30:29 Cavalier
31:52 Paladin
35:25 Plate Barding Armor
38:16 Blast Furnace
58:32 Pikeman
59:55 Halberdier
61:52 Scale Mail Armor
杀神Johnny
8:07 Loom
11:17 Feudal Age
15:37 Castle Age
13:34 Double-Bit Axe
29:14 Wheelbarrow
29:08 Bow Saw
30:48 Hand Cart
30:42 Horse Collar
34:51 Imperial Age
32:52 Fortified Wall
34:24 Scale Mail Armor
34:35 Forging
35:31 Chain Mail Armor
35:04 Gambesons
35:19 Squires
35:05 Arson
34:41 Man-at-Arms
36:30 Gold Mining
36:30 Stone Mining
37:17 Iron Casting
38:22 Two-Man Saw
36:58 Capped Ram
37:01 Long Swordsman
37:07 Pikeman
37:44 Two-Handed Swordsman
37:45 Halberdier
38:57 Plate Mail Armor
39:28 Blast Furnace
38:46 Halberdier
38:48 Champion
49:16 Onager
dub
12:22 Feudal Age
16:39 Castle Age
14:52 Double-Bit Axe
15:03 Gold Mining
21:05 Imperial Age
19:21 Horse Collar
21:16 Padded Archer Armor
22:08 Bow Saw
22:17 Loom
25:32 Two-Man Saw
25:16 Fletching
26:22 Crossbowman
30:58 Leather Archer Armor
31:41 Scale Barding Armor
31:47 Forging
35:12 Iron Casting
37:50 Husbandry
40:07 Chain Barding Armor
49:48 Bloodlines
48:59 Heavy Camel Rider
51:20 Wheelbarrow
50:51 Stone Mining
58:16 Hand Cart
59:59 Blast Furnace
59:44 Bloodlines
63:55 Plate Barding Armor
Raizzen
10:29 Feudal Age
11:39 Double-Bit Axe
13:10 Loom
16:12 Castle Age
19:28 Wheelbarrow
19:49 Horse Collar
20:24 Bloodlines
20:16 Husbandry
21:20 Hand Cart
21:21 Town Watch
23:20 Scale Barding Armor
24:39 Forging
27:35 Iron Casting
33:00 Imperial Age
30:57 Chain Barding Armor
33:48 Cavalier
35:04 Paladin
36:35 Plate Barding Armor
39:54 Pikeman
41:02 Scale Mail Armor
47:09 Elite Leitis
48:49 Chain Mail Armor
48:02 Halberdier
50:29 Bow Saw
50:21 Heavy Plow
55:35 Squires
56:39 Crop Rotation
Arthur
11:08 Feudal Age
15:25 Castle Age
13:33 Double-Bit Axe
13:35 Horse Collar
14:33 Fletching
16:16 Bodkin Arrow
17:35 Bow Saw
17:11 Loom
23:48 Ballistics
23:37 Gold Mining
26:02 Wheelbarrow
26:29 Padded Archer Armor
26:44 Husbandry
26:55 Bloodlines
26:49 Heavy Plow
29:12 Gold Shaft Mining
29:55 Hand Cart
34:12 Imperial Age
31:50 Scale Barding Armor
34:37 Chain Barding Armor
34:27 Forging
34:21 Marauders
36:03 Plate Barding Armor
36:14 Forging
35:27 Elite Tarkan
36:28 Conscription
35:31 Elite Tarkan
36:28 Town Watch
38:16 Iron Casting
39:57 Blast Furnace
39:12 Stone Mining
46:51 Squires
46:12 Pikeman
46:37 Arson
48:29 Scale Mail Armor
55:05 Chain Mail Armor
56:43 Halberdier
Aaron
10:07 Loom
12:27 Feudal Age
16:20 Castle Age
21:19 Horse Collar
23:45 Bloodlines
24:37 Heavy Plow
24:26 Double-Bit Axe
24:57 Fletching
25:28 Scale Barding Armor
27:14 Bow Saw
27:28 Chain Barding Armor
30:51 Gold Mining
34:30 Imperial Age
32:21 Forging
32:34 Steppe Husbandry
33:26 Gold Shaft Mining
34:26 Wheelbarrow
37:32 Two-Man Saw
37:52 Hand Cart
38:05 Town Watch
38:09 Capped Ram
41:18 Bodkin Arrow
42:22 Siege Ram
43:29 Cuman Mercenaries
44:28 Plate Barding Armor
45:23 Cavalier
47:03 Iron Casting
46:52 Ballistics
47:35 Chemistry
46:46 Masonry
47:27 Paladin
49:52 Blast Furnace
52:53 Stone Mining
54:21 Crop Rotation
53:56 Padded Archer Armor
55:39 Leather Archer Armor
55:38 Elite Kipchak
56:57 Squires
61:35 Scale Mail Armor
61:32 Murder Holes
61:15 Light Cavalry
62:59 Chain Mail Armor
62:08 Man-at-Arms
Connection lost

Rejoining the realm…

Still unreachable

The connection could not be restored.

Session expired

The server has moved on; the page needs a fresh start.